 Dungeon Crawl Stone Soup version 0.17.0-23-g0de4337 (webtiles) character file.

1243474 HungrySpirit the Bringer of Light (level 27, -12/204 HPs)
             Began as a Gargoyle Gladiator on Nov 13, 2015.
             Was the Champion of the Shining One.
             Killed from afar by the Serpent of Hell (61 damage)
             ... with a crystal spear
             ... on level 7 of the Iron City of Dis on Nov 14, 2015.
             The game lasted 03:35:52 (95466 turns).

HungrySpirit the Bringer of Light (GrGl)           Turns: 95466, Time: 03:35:53

Health: -12/204    AC: 68    Str: 31    XL:     27
Magic:  11/40      EV: 18    Int: 10    God:    the Shining One [******]
Gold:   10051      SH:  0    Dex: 12    Spells: 0 memorised, 26 levels left

rFire  + + +     SeeInvis .     E - +9 great mace (holy)
rCold  + + +     Clarity  .     P - +12 gold dragon armour
rNeg   + + +     SustAt   +     (shield currently unavailable)
rPois  ∞         Gourm    .     K - +0 hat of Courage {rF+ rC+ Dex+2}
rElec  +         Spirit   .     h - +2 cloak {MR+}
rCorr  .         Warding  .     W - +3 pair of gauntlets of War {Slay+5}
rMut   +         Stasis   .     D - +2 pair of boots {run}
MR     +++..                    T - amulet of resist mutation
Stlth  ..........               d - ring of protection from fire
                                s - ring "Agouc" {SustAt rC+}

@: glowing, quick, extremely resistant to hostile enchantments, extremely
unstealthy
A: big wings, horns 1, rugged brown scales 1, deformed body, negative energy
resistance 1, regeneration 1, electricity resistance, unbreathing, petrification
resistance, rot immunity, AC +20
a: Fly, Divine Shield, Cleansing Flame, Summon Divine Warrior, Renounce Religion
}: 13/15 runes: decaying, slimy, silver, golden, obsidian, bone, abyssal,
demonic, glowing, magical, fiery, dark, gossamer


You were on level 7 of the Iron City of Dis.
You worshipped the Shining One.
The Shining One was exalted by your worship.
You were not hungry.

You visited 16 branches of the dungeon, and saw 86 of its levels.
You visited Pandemonium 1 time, and saw 22 of its levels.
You visited the Abyss 2 times.
You visited 1 bazaar.
You visited 2 ziggurats, and saw 18 of their levels (deepest: 9).
You also visited: Ossuary, Bailey, Ice Cave, Volcano and Wizlab.

You collected 15155 gold pieces.
You spent 5104 gold pieces at shops.

Inventory:

Hand Weapons
 f - a +0 long sword of distortion
 E - a +9 great mace of holy wrath (weapon)
Armour
 h - a +2 cloak of magic resistance (worn)
 x - the +2 hat of the Bear Spirit {Spirit, +Rage rN+ MR++}
   (You found it on level 3 of the Spider Nest)

   It protects you from negative energy.
   It affects your resistance to hostile enchantments.
   It lets you go berserk.
 D - a +2 pair of boots of running (worn)
 K - the +0 hat of Courage (worn) {rF+ rC+ Dex+2}
   (You acquired it on level 2 of the Swamp)

   It affects your dexterity (+2).
   It protects you from fire.
   It protects you from cold.
 P - a +12 gold dragon armour (worn)
 W - the +3 pair of gauntlets of War (worn) {Slay+5}
   (You found it on level 6 of the Pits of Slime)

   It affects your accuracy and damage with ranged weapons and melee attacks
   (+5).
Jewellery
 d - a ring of protection from fire (right hand)
 s - the ring "Agouc" (left hand) {SustAt rC+}
   (You found it on level 9 of a ziggurat)

   [ring of sustain attributes]

   It sustains your strength, intelligence and dexterity.
   It protects you from cold.
 t - the amulet of the Four Winds {Clar rN+ MR+++}
   (You took it off a spriggan berserker on level 3 of the Depths)

   [amulet of clarity]

   It provides mental clarity.
   It protects you from negative energy.
   It affects your resistance to hostile enchantments.
 w - the amulet of Maxo {Ward +Inv rC+ rN+ MR++ Dex-4}
   (You found it on level 3 of the Crypt)

   [amulet of warding]

   It may prevent the melee attacks of summoned creatures.
   It affects your dexterity (-4).
   It protects you from cold.
   It protects you from negative energy.
   It affects your resistance to hostile enchantments.
   It lets you turn invisible.
 C - the amulet "Osupnoil" {Ward rPois rF+ rN+ Int-5 Dex+4}
   (You found it on level 3 of the Crypt)

   [amulet of warding]

   It may prevent the melee attacks of summoned creatures.
   It affects your intelligence (-5).
   It affects your dexterity (+4).
   It protects you from fire.
   It protects you from poison.
   It protects you from negative energy.
 T - an amulet of resist mutation (around neck)
 U - the ring of Gitsituu {*Drain rF+ rC+ Int+3 Dex+5, unknown}
   (You took it off a balrug on level 7 of Gehenna)

   [ring of dexterity]

   It affects your intelligence (+3).
   It affects your dexterity (+5).
   It protects you from fire.
   It protects you from cold.
   It causes draining when unequipped.
 V - an uncursed ring of sustain attributes
Wands
 q - a wand of digging (9)
 v - a wand of teleportation (4)
 I - a wand of teleportation (4)
 O - a wand of disintegration (18)
 Z - a wand of teleportation (5)
Scrolls
 a - 2 scrolls of magic mapping
 k - 41 scrolls of remove curse
 p - 17 scrolls of recharging
 y - 7 scrolls of fear
 A - 24 scrolls of identify
 G - 6 scrolls of summoning
 L - 8 scrolls of blinking
 M - 35 scrolls of teleportation
 Q - 20 scrolls of fog
 R - 3 scrolls of silence
 Y - 5 scrolls of holy word
Potions
 c - 2 potions of might
 l - 6 potions of heal wounds
 n - 42 potions of curing
 o - 5 potions of magic
 u - 6 potions of berserk rage
 z - 9 potions of brilliance
 H - 3 potions of agility
 N - 8 potions of cancellation
 S - 5 potions of cure mutation
 X - 13 potions of resistance
Miscellaneous
 g - a legendary deck of wonders {Wild Magic}
 i - an ornate deck of war {the Shadow}
 m - a legendary deck of summoning {the Rangers}
 r - a box of beasts
 J - a box of beasts
Comestibles
 b - 27 beef jerkies
 e - 23 bread rations
 j - 47 fruits
 B - 16 meat rations
 F - 5 slices of pizza


   Skills:
 O Level 27 Fighting
 O Level 27 Maces & Flails
 - Level 1.7 Throwing
 O Level 27 Armour
 + Level 24.6 Dodging
 O Level 27 Invocations
 + Level 20.8 Evocations


You had 26 spell levels left.
You didn't know any spells.

Dungeon Overview and Level Annotations

Branches:
Dungeon (15/15)            Temple (0/1) D:4            Lair (8/8) D:11
  Swamp (4/4) Lair:6       Spider (4/4) Lair:6        Slime (6/6) Lair:7
    Orc (4/4) D:11            Elf (3/3) Orc:3        Vaults (5/5) D:14
  Crypt (3/3) Vaults:3       Tomb (3/3) Crypt:3      Depths (5/5) D:15
   Hell (1/1)                 Dis (7/7) Hell            Geh (7/7) Hell
    Tar (7/7) Hell            Zot (4/5) Depths:5
    Coc: Hell:1

Altars:
Dithmenos
Kikubaaqudgha
Okawaru
Qazlal
Trog
Vehumet
Yredelemnul
The Shining One
Beogh
Jiyva

Shops:
D:4 %   D:12 *   D:14 ?   Orc:1 [}?:   Orc:3 !   Orc:4 [!**   Elf:1 *   Elf:2 *
Elf:3 *   Vaults:1 *:[   Vaults:3 [

Portals:
Hell: Depths:1 Depths:2 Depths:3 Depths:4 Depths:5
Abyss: Depths:3 Depths:4
Pandemonium: Depths:3 Depths:5
Ziggurat: Depths:2

Annotations:
Elf:2 3 runed doors
Dis:7 Serpent of Hell


Innate Abilities, Weirdness & Mutations

You are resistant to torment.
Your stone body is resilient (AC +20).
You are immune to poison.
Your large and strong wings let you fly indefinitely.
You resist negative energy.
You are resistant to electric shocks.
You can survive without breathing.
You are immune to petrification.
You are immune to rotting.
You have a pair of small horns on your head.
You are partially covered in rugged brown scales (AC +1, +3% HP).
Armour fits poorly on your strangely shaped body.
Your natural rate of healing is unusually fast.


Message History

Your angel closely misses the ice dragon.
Your angel hits the ice dragon but does no damage.
The quicksilver dragon breathes dispelling energy at you.
The bolt of dispelling energy hits you!
* * * LOW HITPOINT WARNING * * *
The ice dragon bites you but does no damage.
The ice dragon claws you but does no damage.
The ice dragon tramples you but does no damage.
The Hell Sentinel hits you but does no damage.
The Hell Sentinel completely misses you.
The Serpent of Hell breathes metal splinters at you.
The spray of metal splinters hits you!
The spray of metal splinters hits your angel.
The Serpent of Hell breathes dispelling energy at you.
The bolt of dispelling energy misses you.
The bolt of dispelling energy hits your angel.
Your angel dies!
The Serpent of Hell spits crystal at you.
The crystal spear hits you!
You die...

,*,,,,,,,,,,,*,,#....######...#,,
,*,,,,,,,,,,,*,,#....#........#,,
,****,,,,,****,,#....##+###...+,,
,,,,*,,,,,*,,,,,#....#,,,,#...#,,
,,,,*******,,,,,#....#,,,,#...#,,
**,,,,,,,,,,,####....#,,,,#...###
,*,,,,,,,,,,,#.......#****#......
,***,,,,,,,**#..D....########...#
,*,,,,,,,,,,,#..@....#......#...#
,*++*******++#D1DA...'......'...#
,,,,,,,,,,,..........#......#...#
,,,,,,,,,............########...#
*********#############....#..†..#
,*,,,,*,,*,,,,,,*,,#.#....#...###
,*,,,,*,,*,,,,,,*,,+.#....'...#,,
,*,,,,*,,*,,,,,,####.#....#...#,,
,***+#*,,*,,,,,,#....######...#..


You could see the Serpent of Hell, a Hell Sentinel, an ice dragon, a quicksilver
dragon and a friendly daeva.

Vanquished Creatures
  Cerebov (Pan)
  Asmodeus (Geh:7)
  the royal jelly (Slime:6)
  Dissolution (Slime:4)
  Ereshkigal (Tar:7)
  Ignacio (Pan)
  Gloorx Vloq (Pan)
  6 ancient liches
  Mnoleg (Pan)
  Lom Lobon (Pan)
  Khufu (Tomb:3)
  An orb of fire (Zot:3)
  Mennas (Vaults:2)
  A juggernaut (Depths:3)
  14 greater mummies
  18 pandemonium lords
  Boris (Vaults:4)
  2 shard shrikes (Zig:6)
  A caustic shrike (Zig:8)
  A curse toe (Zot:3)
  3 Killer Klowns
  Geryon (Hell)
  9 golden dragons
  Jory (Depths:5)
  the Enchantress (Depths:5)
  2 profane servitors
  Xtahua (Vaults:2)
  A bone dragon (Tar:6)
  12 liches
  20 Brimstone Fiends
  Jorgrun (Swamp:2)
  An electric golem (Zot:1)
  21 tentacled monstrosities
  Rupert (Lair:8)
  8 Ice Fiends
  3 hellephants
  4 Hell Sentinels
  Asterion (Depths:2)
  20 titans
  23 Executioners
  8 deep elf blademasters
  12 deep elf master archers
  8 ancient champions
  Murray (Hell)
  13 acid blobs
  10 death cobs
  2 octopode crushers (Depths:1)
  30 Shadow Fiends
  4 tentacled starspawn
  6 sphinxes
  4 thorn hunters
  15 storm dragons
  3 eldritch tentacles
  10 tengu reavers
  Kirke (Spider:4)
  7 shadow dragons
  4 draconian monks
  Roxanne (Spider:4)
  5 azure jellies
  7 revenants
  20 fire giants
  Donald (Slime:6)
  14 chaos champions
  9 draconian knights
  7 ghost moths
  7 iron dragons
  7 deep elf sorcerers
  13 vault wardens
  Louise (Swamp:2)
  3 draconian scorchers
  17 frost giants
  7 curse skulls
  An angel (Pan)
  50 reapers
  3 orc warlords (Orc:3)
  7 emperor scorpions
  5 draconian zealots
  29 cacodemons
  2 juggernaut zombies
  14 warmongers
  48 balrugs
  5 ghouls (Crypt:1)
  3 spriggan defenders (Depths:5)
  32 stone giants
  6 draconian shifters
  13 ironheart preservers
  3 draconian annihilators
  A war gargoyle (Hell)
  7 vampire knights
  11 very ugly things
  5 salamander firebrands
  23 blood saints
  5 draconian callers
  7 corrupters (Pan)
  9 black draconians
  9 deep elf demonologists
  An apis (Zig:1)
  7 green draconians
  3 salamander stormcallers
  2 bennus
  17 yellow draconians
  17 lorocyprocas (Pan)
  12 deep elf annihilators
  Azrael (D:13)
  The ghost of inmateoo the Cruncher, a journeyman FoGl of Nemelex Xobeh (Orc:4)
  6 mottled draconians
  8 red draconians
  14 white draconians
  6 dire elephants
  6 purple draconians
  A merfolk javelineer (Depths:4)
  17 blizzard demons (Pan)
  13 black suns
  51 large abominations
  10 eidola
  12 ettins
  Snorg (D:13)
  5 death oozes
  18 mummy priests
  A quicksilver dragon zombie (Zig:6)
  6 deep elf high priests
  15 green deaths
  6 deep elf death magi
  A merfolk impaler (Depths:4)
  A minotaur (shapeshifter) (Elf:1)
  8 rakshasas
  Josephine (D:13)
  A spectral kraken (Tar:7)
  13 fire dragons
  15 jiangshi
  18 yaktaur captains
  The ghost of cireshan the Thaumaturge, a journeyman DECj of Sif Muna (IceCv)
  35 vault guards
  11 ice dragons
  9 small abominations
  2 quicksilver dragon skeletons
  Fannar (Orc:1)
  16 ogre magi
  8 great orbs of eyes
  2 naga warriors (Abyss:5)
  6 hell beasts
  28 hydras
  13 entropy weavers
  A death knight (Crypt:1)
  25 monstrous demonspawn (Pan)
  A catoblepas (Lair:5)
  A ghost crab (shapeshifter) (Vaults:2)
  An anaconda (Lair:8)
  Erica (Lair:1)
  Erolcha (Orc:1)
  A dancing weapon (Elf:2)
  5 spriggan air magi
  3 ghost crabs
  8 deep troll shamans
  11 centaur warriors
  9 deep troll earth magi
  A queen ant (Lair:1)
  12 alligators
  2 tengu warriors
  8 vampire magi
  9 death yaks (Lair:7)
  12 thrashing horrors
  3 spriggan berserkers
  4 orc high priests
  Urug (Lair:2)
  62 soul eaters
  3 hell hogs
  A salamander mystic (Geh:6)
  A fire crab (shapeshifter) (Depths:3)
  2 iron golems
  2 storm dragon zombies
  109 sun demons
  2 titan skeletons
  2 fire crabs
  4 wretched stars
  6 shadow wraiths
  16 death scarabs
  51 skeletal warriors
  22 deep trolls
  30 deep elf knights
  A death drake (Tar:5)
  6 unseen horrors
  27 hell knights
  3 storm dragon skeletons
  16 infernal demonspawn (Pan)
  2 spatial maelstroms (Abyss:5)
  4 golden dragon zombies
  54 ice devils
  4 anaconda zombies
  9 flayed ghosts
  9 iron trolls
  30 shadow demons
  14 anubis guards
  10 deep elf summoners
  10 swamp dragons
  23 wizards
  9 giant orange brains
  21 putrid demonspawn (Pan)
  2 tengu zombies
  7 griffons
  7 shadow dragon zombies
  Pikel (D:8)
  13 gelid demonspawn (Pan)
  2 golden dragon skeletons
  19 torturous demonspawn (Pan)
  4 shambling mangroves
  18 necromancers
  13 phantasmal warriors
  24 ironbrand convokers
  19 deep elf conjurers
  5 hill giants
  9 orc sorcerers
  33 ugly things
  4 fire giant zombies
  8 anaconda skeletons
  2 orb spiders (shapeshifter)
  A sphinx zombie (Hell)
  6 stone giant zombies
  5 shining eyes
  6 cyclopes
  2 harpies (Vaults:2)
  4 iron dragon zombies
  2 manticores (D:15)
  44 wolf spiders
  6 frost giant zombies
  An octopode (shapeshifter) (Depths:4)
  4 shadow dragon skeletons
  14 hornets
  A worldbinder (Abyss:5)
  22 moths of wrath
  17 orc knights
  6 black mambas
  25 orb spiders
  28 sixfirhies (Pan)
  7 salamanders
  2 shining eyes (shapeshifter)
  A guardian serpent (Abyss:5)
  16 vault sentinels
  17 elephants
  A cyclops (shapeshifter) (Vaults:5)
  3 frost giant skeletons
  2 naga magi (Vaults:1)
  An elephant (shapeshifter) (Vaults:5)
  2 iron dragon skeletons
  Maurice (D:11)
  The ghost of JudasIscariot the Shield-Bearer, a novice DDFi (D:4)
  3 dire elephant zombies
  3 fire giant skeletons
  4 gargoyles
  A toenail golem (Volcano)
  2 guardian serpents (shapeshifter) (D:15)
  8 molten gargoyles
  3 ice statues
  60 smoke demons
  2 stone giant skeletons
  37 orange demons
  An elephant slug zombie (Crypt:1)
  A spiny frog (shapeshifter) (Elf:1)
  Psyche (D:10)
  A shock serpent zombie (Dis:2)
  13 spiny frogs
  A yaktaur zombie (Hell)
  2 emperor scorpion zombies
  25 rust devils
  5 spectral swamp worms (Tar:7)
  3 fire drakes (shapeshifter)
  7 kobold demonologists
  60 yaktaurs
  3 spriggan zombies
  38 hellions
  29 tormentors
  39 hellwings
  2 tengu conjurers
  5 fire drakes
  2 purple draconian skeletons
  6 ancient zymes
  35 demonic crawlers
  A redback zombie (Crypt:2)
  A golden dragon simulacrum (Depths:3)
  39 guardian mummies
  A catoblepas skeleton (Crypt:3)
  2 harpy zombies (Geh:7)
  5 hydra zombies
  13 deep elf priests
  3 trolls
  12 efreet
  66 red devils
  3 polar bears
  7 komodo dragons
  A silent spectre (Tar:2)
  2 polar bears (shapeshifter)
  7 giant leeches
  35 jumping spiders
  2 fire dragon zombies (Crypt:3)
  25 freezing wraiths
  A minotaur skeleton (Crypt:3)
  5 ice dragon zombies
  24 blue devils
  72 slime creatures
  26 ushabtiu
  3 hydra skeletons
  5 bog bodies
  20 two-headed ogres
  7 boulder beetles
  A raiju (Abyss:1)
  A boulder beetle (shapeshifter) (D:13)
  5 ettin zombies
  11 trapdoor spiders
  6 blink frogs
  9 starcursed masses
  6 spriggans
  2 ettin skeletons
  A stone giant simulacrum (Vaults:2)
  54 redbacks
  3 fire dragon skeletons
  A spriggan (shapeshifter) (D:13)
  15 shadows
  2 snapping turtles (shapeshifter)
  An alligator skeleton (Tar:6)
  22 wraiths
  2 ice dragon skeletons
  95 flying skulls
  11 golden eyes
  18 tarantellas
  3 air elementals
  3 wyverns
  31 deep elf magi
  47 neqoxecs
  17 water elementals
  37 yaks
  7 basilisks
  Eustachio (D:4)
  A black mamba skeleton (Crypt:2)
  32 deep elf fighters
  4 hill giant zombies (WizLab)
  A golden eye (shapeshifter) (Depths:3)
  16 vampires
  20 fire elementals
  3 hogs (Spider:4)
  12 hippogriffs
  4 hungry ghosts
  48 ynoxinuls
  2 mottled dragons
  32 chaos spawn
  7 wargs
  14 insubstantial wisps
  A merfolk zombie (Dis:7)
  34 vampire mosquitoes
  3 wolves (Lair:3)
  A naga (Abyss:5)
  9 ogre zombies
  6 soldier ants
  19 swamp worms
  A spiny frog zombie (Geh:2)
  42 hell hounds
  20 water moccasins
  A ghost crab zombie (Crypt:2)
  6 phantoms
  A spiny frog skeleton (Hell)
  6 porcupines
  A sky beast (D:10)
  A black bear (D:8)
  A manticore zombie (Crypt:3)
  43 orc warriors
  11 swamp drakes
  A merfolk skeleton (Crypt:1)
  2 snapping turtle zombies
  7 eyes of draining
  16 wasps
  An ice beast (D:5)
  19 necrophages
  16 centaurs
  2 manticore skeletons
  53 ogres
  4 slaves (D:8)
  15 spiders
  3 orc skeletons
  10 boggarts
  23 crocodiles
  3 elf zombies
  A fire drake skeleton (Crypt:1)
  7 big kobolds
  An elf skeleton (Tar:1)
  22 giant frogs
  A queen bee zombie (Crypt:2)
  11 wyvern skeletons (Crypt:3)
  13 killer bees
  8 troll zombies
  3 scorpions
  25 wights
  A troll skeleton (Dis:7)
  A polar bear skeleton (Crypt:1)
  7 electric eels
  2 giant frog zombies
  14 crimson imps
  7 human zombies
  13 jellies
  4 centaur zombies
  A draconian simulacrum (IceCv)
  7 hounds
  9 iron imps
  19 orc priests
  12 iguanas
  2 quasits
  3 giant frog skeletons
  Jessica (D:3)
  6 centaur skeletons
  29 orc wizards
  17 worker ants
  Natasha (thrice) (D:3)
  A human skeleton (Geh:6)
  2 spriggan simulacra (IceCv)
  5 hell rats (Lair:6)
  A lightning spire (Zig:9)
  A deep dwarf zombie (Crypt:1)
  11 sheep
  A naga skeleton (Pan)
  4 centaur simulacra
  A dwarf skeleton (Crypt:1)
  4 hound skeletons
  2 tengu skeletons
  A demigod skeleton (Crypt:1)
  51 mummies
  2 worker ant zombies
  10 gnolls
  3 naga simulacra (IceCv)
  An ogre simulacrum (IceCv)
  10 adders
  55 river rats
  13 shadow imps
  An ufetubus (Vaults:4)
  2 oozes
  3 adder zombies
  A halfling zombie (Crypt:1)
  A lava snake zombie (Crypt:2)
  2 adder skeletons
  3 worms
  5 giant geckos
  163 orcs
  An orc (shapeshifter) (Vaults:5)
  19 bats
  4 giant cockroaches
  2 gnoll zombies (D:4)
  10 goblins
  13 hobgoblins
  9 jackals
  18 kobolds
  3 quokkas
  3 ball pythons
  A ball python (shapeshifter) (Vaults:5)
  A giant gecko skeleton (D:8)
  4 giant newts
  A goblin skeleton (Crypt:2)
  3 goblin zombies (Ossuary)
  3 hobgoblin zombies (Ossuary)
  A jackal zombie (Ossuary)
  A kobold skeleton (Geh:6)
  14 kobold zombies (Ossuary)
  11 orc zombies (Ossuary)
  A quokka skeleton (D:7)
  17 rats
  A rat zombie (Ossuary)
  4 briar patches
  5 crawling corpses
  2 fire vortices (D:14)
  2 lost souls
  4 plants
  7 starspawn tentacles
4870 creatures vanquished.

Vanquished Creatures (collateral kills)
  A lich (Geh:7)
  2 tentacled monstrosities (Zot:1)
  2 Hell Sentinels (Pan)
  An acid blob (Slime:6)
  3 blood saints (Pan)
  An ice dragon (Zot:1)
  3 sun demons (Pan)
  A gelid demonspawn (Pan)
  A sixfirhy (Pan)
  2 moths of wrath (Zot:1)
  A catoblepas skeleton (Geh:7)
  2 slime creatures
20 creatures vanquished.

Vanquished Creatures (others)
  2 sphinxes (Tomb:1)
  A blood saint (Pan)
  A small abomination (Elf:3)
  A skeletal warrior (Tomb:2)
  5 death scarabs (Tomb:3)
  3 ball lightnings (Pan)
  A deep elf knight (Crypt:1)
  A gelid demonspawn (Pan)
  A wizard (Elf:1)
  A mana viper (shapeshifter) (Depths:3)
  A wolf spider (Spider:4)
  A frost giant skeleton (Zig:1)
  A rust devil (Dis:7)
  A smoke demon (Pan)
  A tormentor (Zig:6)
  A giant leech (Zig:2)
  An ushabti (Tomb:3)
  2 jumping spiders
  A bog body (Swamp:2)
  6 flying skulls
  4 deep elf magi
  An ice dragon skeleton (Tomb:2)
  A ynoxinul (Pan)
  A redback (Spider:1)
  A human (Spider:4)
  A tarantella (Spider:1)
  An air elemental (Depths:4)
  A trapdoor spider (Spider:1)
  A swamp drake (Swamp:4)
  An ogre (Depths:3)
  2 mummies (Tomb:2)
  2 kobolds (Abyss:1)
  2 orc skeletons
  67 eldritch tentacle segments
  2 fulminant prisms (Pan)
  15 fungi
  9 lost souls
  35 plants
  6 starspawn tentacles
  113 starspawn tentacle segments
  4 tentacles (Tar:7)
  24 tentacle segments (Tar:7)
327 creatures vanquished.

Grand Total: 5217 creatures vanquished

Notes
Turn   | Place    | Note
--------------------------------------------------------------
     0 | D:1      | HungrySpirit the Gargoyle Gladiator began the quest for the Orb.
     0 | D:1      | Reached XP level 1. HP: 12/12 MP: 1/1
   133 | D:1      | Reached XP level 2. HP: 8/17 MP: 2/2
   582 | D:1      | Reached skill level 4 in Maces & Flails
   598 | D:1      | Reached XP level 3. HP: 18/21 MP: 3/3
   860 | D:2      | Found an iron altar of Okawaru.
   904 | D:2      | Became a worshipper of Warmaster Okawaru
  1330 | D:1      | Reached XP level 4. HP: 16/26 MP: 4/4
  1464 | D:2      | Reached skill level 5 in Maces & Flails
  1487 | D:3      | Noticed Natasha
  1496 | D:3      | Killed Natasha
  1629 | D:3      | Noticed Jessica
  1634 | D:3      | Killed Jessica
  1634 | D:3      | Reached XP level 5. HP: 30/30 MP: 5/5
  1869 | D:3      | Reached skill level 6 in Maces & Flails
  2059 | D:3      | Noticed Natasha
  2060 | D:3      | Found a shadowy altar of Dithmenos.
  2068 | D:3      | Killed Natasha
  2086 | D:3      | Noticed Natasha
  2089 | D:3      | Killed Natasha
  2161 | D:4      | Found Vumyts's Food Shop.
  2201 | D:4      | Found a basalt altar of Yredelemnul.
  2243 | D:4      | Got a pair of scorched boots
  2245 | D:4      | Identified the +2 pair of boots "Fethe" {Str+4 Int+5} (You found it on level 4 of the Dungeon)
  2276 | D:4      | Reached XP level 6. HP: 31/35 MP: 6/6
  2347 | D:4      | Reached * piety under Okawaru
  2452 | D:4      | Reached skill level 7 in Maces & Flails
  2474 | D:4      | Noticed a centaur
  2484 | D:4      | Killed a centaur
  2628 | D:4      | Noticed Eustachio
  2650 | D:4      | Killed Eustachio
  2650 | D:4      | Reached skill level 8 in Maces & Flails
  2650 | D:4      | Reached XP level 7. HP: 32/40 MP: 7/7
  2798 | D:4      | Noticed JudasIscariot's ghost (novice DDFi)
  2826 | D:4      | Killed JudasIscariot's ghost
  2826 | D:4      | Reached ** piety under Okawaru
  2826 | D:4      | Reached skill level 9 in Maces & Flails
  2826 | D:4      | Reached XP level 8. HP: 42/44 MP: 6/8
  2984 | D:4      | Found a staircase to the Ecumenical Temple.
  3071 | D:5      | Entered Level 5 of the Dungeon
  3121 | D:5      | Reached skill level 10 in Maces & Flails
  3386 | D:5      | Reached skill level 11 in Maces & Flails
  3429 | D:5      | Reached *** piety under Okawaru
  3729 | D:5      | Reached XP level 9. HP: 48/48 MP: 9/9
  4032 | D:6      | Reached skill level 12 in Maces & Flails
  4342 | D:6      | Received a gift from Okawaru
  4871 | D:7      | Found a stormy altar of Qazlal.
  5254 | D:7      | Reached skill level 13 in Maces & Flails
  5272 | D:7      | Found a flagged portal.
  5292 | Bailey   | Entered a bailey
  5380 | Bailey   | Reached **** piety under Okawaru
  5397 | Bailey   | Reached XP level 10. HP: 18/53 MP: 10/10
  5654 | Bailey   | Noticed an orc knight
  5665 | Bailey   | Noticed an orc knight
  5682 | Bailey   | Killed an orc knight
  5682 | Bailey   | Reached skill level 14 in Maces & Flails
  5693 | Bailey   | Killed an orc knight
  5693 | Bailey   | Received a gift from Okawaru
  5966 | Bailey   | Noticed an orc knight
  5966 | Bailey   | Noticed an orc knight
  6004 | Bailey   | Killed an orc knight
  6028 | Bailey   | Killed an orc knight
  6028 | Bailey   | Reached ***** piety under Okawaru
  6028 | Bailey   | Received a gift from Okawaru
  6028 | Bailey   | Reached skill level 15 in Maces & Flails
  6937 | D:8      | Reached skill level 1 in Armour
  6969 | D:8      | Noticed Pikel
  7004 | D:8      | Killed Pikel
  7157 | D:8      | Reached XP level 11. HP: 27/60 MP: 11/11
  7367 | D:8      | Found a sand-covered staircase.
  7372 | Ossuary  | Entered an ossuary
  8504 | D:9      | Reached skill level 5 in Fighting
  8839 | D:10     | Entered Level 10 of the Dungeon
  8874 | D:10     | Reached skill level 5 in Armour
  9060 | D:10     | Found a bloodstained altar of Trog.
  9117 | D:10     | Gained mutation: Your flesh is heat resistant. [mutagenic meat]
  9479 | D:10     | Noticed Psyche
  9493 | D:10     | Killed Psyche
  9493 | D:10     | Received a gift from Okawaru
  9682 | D:11     | Found a staircase to the Orcish Mines.
  9725 | D:11     | Noticed a hill giant
  9745 | D:11     | HP: 3/66 [hill giant/giant club (19)]
 10149 | D:11     | Noticed Maurice
 10162 | D:11     | Killed Maurice
 10535 | D:11     | Found a staircase to the Lair.
 10664 | D:11     | Reached XP level 12. HP: 50/73 MP: 12/12
 10874 | D:11     | Found an ancient bone altar of Kikubaaqudgha.
 10931 | D:11     | Killed a hill giant
 10983 | D:11     | Gained mutation: Your muscles are strong. (Str +2) [potion of beneficial mutation]
 11064 | Lair:1   | Entered Level 1 of the Lair of Beasts
 11167 | Lair:1   | Noticed Erica
 11171 | Lair:1   | Killed Erica
 11256 | Lair:1   | Noticed a seven-headed hydra
 11261 | Lair:1   | Killed a seven-headed hydra
 11261 | Lair:1   | Reached ****** piety under Okawaru
 11261 | Lair:1   | Received a gift from Okawaru
 11414 | Lair:1   | Noticed a queen ant
 11429 | Lair:1   | Killed a queen ant
 11437 | Lair:1   | Reached skill level 16 in Maces & Flails
 12006 | Lair:1   | Identified a +1 pair of boots of running (Okawaru gifted it to you on level 1 of the Lair of Beasts)
 12148 | Lair:2   | Noticed a four-headed hydra
 12161 | Lair:2   | Killed a four-headed hydra
 12289 | Lair:2   | Noticed a seven-headed hydra
 12299 | Lair:2   | Killed a seven-headed hydra
 12299 | Lair:2   | Reached skill level 10 in Fighting
 12505 | Lair:2   | Noticed Urug
 12519 | Lair:2   | Killed Urug
 12529 | Lair:2   | Reached skill level 10 in Armour
 12587 | Lair:2   | Found a dark tunnel.
 12621 | Lair:2   | Reached XP level 13. HP: 83/83 MP: 13/13
 12642 | Volcano  | Entered a volcano
 13451 | Lair:3   | Received a gift from Okawaru
 14445 | Lair:4   | Received a gift from Okawaru
 15704 | Lair:5   | Gained mutation: Your large and strong wings let you fly indefinitely. [Gargoyle growth]
 15704 | Lair:5   | Reached XP level 14. HP: 73/92 MP: 13/19
 16079 | Lair:6   | Found a staircase to the Swamp.
 16227 | Lair:6   | Found a hole to the Spider Nest.
 16700 | Lair:7   | Reached XP level 15. HP: 92/97 MP: 18/20
 16782 | Lair:7   | You fall through a shaft!
 16782 | Lair:8   | Entered Level 8 of the Lair of Beasts
 16930 | Lair:8   | Noticed Rupert
 16999 | Lair:8   | Paralysed by Rupert for 3 turns
 17024 | Lair:8   | Killed Rupert
 17143 | Lair:8   | Received a gift from Okawaru
 17947 | Lair:8   | Reached skill level 17 in Maces & Flails
 19026 | Lair:7   | Found a staircase to the Slime Pits.
 19026 | Lair:7   | Found a viscous altar of Jiyva.
 19422 | Lair:7   | Received a gift from Okawaru
 20064 | D:12     | Found Pel Miaps's Assorted Antiques.
 20072 | D:12     | Bought a scroll of identify for 36 gold pieces
 20072 | D:12     | Bought a scroll of identify for 36 gold pieces
 20072 | D:12     | Bought a potion of might for 72 gold pieces
 20497 | D:12     | Found a frozen archway.
 20501 | IceCv    | Entered an ice cave
 20961 | IceCv    | Noticed cireshan's ghost (journeyman DECj)
 20967 | IceCv    | Killed cireshan's ghost
 20967 | IceCv    | Received a gift from Okawaru
 20971 | IceCv    | Got a smoking morningstar {god gift}
 20979 | IceCv    | Identified the +8 morningstar of the Rat {venom, Str+4} (Okawaru gifted it to you in an ice cave)
 21248 | D:12     | Reached XP level 16. HP: 104/107 MP: 21/21
 21452 | Orc:1    | Entered Level 1 of the Orcish Mines
 21452 | Orc:1    | Found Riqun's Book Shop.
 21452 | Orc:1    | Found Qiur's Magic Scroll Shoppe.
 21464 | Orc:1    | Noticed Erolcha
 21475 | Orc:1    | Killed Erolcha
 21552 | Orc:1    | Noticed Fannar
 21585 | Orc:1    | Killed Fannar
 21592 | Orc:1    | Found Qiucku's Gadget Shoppe.
 21636 | Orc:1    | Found Duteut's Antique Armour Shoppe.
 22132 | Orc:2    | You fall through a shaft for 2 floors!
 22132 | Orc:4    | Entered Level 4 of the Orcish Mines
 22500 | Orc:3    | Found Paug's Distillery.
 22617 | Orc:3    | Found a roughly hewn altar of Beogh.
 22656 | Orc:3    | Found a staircase to the Elven Halls.
 22986 | Orc:3    | Reached skill level 15 in Fighting
 22987 | Orc:3    | Paralysed by an orc sorcerer for 5 turns
 23010 | Orc:3    | Paralysed by an orc sorcerer for 5 turns
 23537 | Orc:3    | Identified the Disquisition on Creative Unholy Arts
 23886 | Orc:4    | Noticed inmateoo's ghost (journeyman FoGl)
 23899 | Orc:4    | Killed inmateoo's ghost
 24228 | Orc:4    | Found Guaczigh's General Store.
 24301 | Orc:4    | Reached skill level 15 in Armour
 24687 | Orc:4    | Found Egych's Antique Armour Shoppe.
 24809 | Orc:4    | Found Kuonne Nuem's Assorted Antiques.
 24809 | Orc:4    | Found Vimirea's Distillery.
 24822 | Orc:4    | Bought an embroidered cloak for 148 gold pieces
 24832 | Orc:4    | Bought a faintly glowing lapis lazuli ring for 110 gold pieces
 24832 | Orc:4    | Bought a scroll of blinking for 165 gold pieces
 24834 | Orc:4    | Bought 2 potions of agility for 120 gold pieces
 24834 | Orc:4    | Bought a potion of agility for 60 gold pieces
 24849 | Orc:4    | Bought a potion of haste for 150 gold pieces
 24849 | Orc:4    | Bought a potion of heal wounds for 75 gold pieces
 24849 | Orc:4    | Bought a potion of invisibility for 120 gold pieces
 24849 | Orc:4    | Bought a potion of invisibility for 120 gold pieces
 25021 | Orc:3    | Bought a potion of experience for 700 gold pieces
 25021 | Orc:3    | Bought a potion of might for 56 gold pieces
 25021 | Orc:3    | Bought a potion of invisibility for 112 gold pieces
 25021 | Orc:3    | Bought a potion of ambrosia for 112 gold pieces
 25021 | Orc:3    | Bought a potion of haste for 140 gold pieces
 25021 | Orc:3    | Bought a potion of resistance for 140 gold pieces
 25021 | Orc:3    | Bought a potion of resistance for 140 gold pieces
 25021 | Orc:3    | Bought 3 potions of curing for 126 gold pieces
 25021 | Orc:3    | Reached XP level 17. HP: 113/113 MP: 21/24
 25300 | Swamp:1  | Entered Level 1 of the Swamp
 25445 | Swamp:1  | Received a gift from Okawaru
 25460 | Swamp:1  | Identified the ring "Vaununka" {Fire -Tele +Fly MR+} (You bought it in a shop on level 4 of the Orcish Mines)
 26219 | Swamp:2  | Reached skill level 18 in Maces & Flails
 26383 | Swamp:2  | Noticed Louise
 26388 | Swamp:2  | Noticed a tentacled monstrosity
 26397 | Swamp:2  | Killed a tentacled monstrosity
 26403 | Swamp:2  | Killed Louise
 26453 | Swamp:2  | Identified a scroll of acquirement
 26456 | Swamp:2  | Got a slimy hat
 26467 | Swamp:2  | Identified the +0 hat of Courage {rF+ rC+ Dex+2} (You acquired it on level 2 of the Swamp)
 26496 | Swamp:2  | Noticed Jorgrun
 26709 | Swamp:2  | Killed Jorgrun
 27271 | Swamp:3  | Reached XP level 18. HP: 120/120 MP: 25/25
 27789 | Swamp:4  | Entered Level 4 of the Swamp
 28182 | Swamp:4  | Received a gift from Okawaru
 28182 | Swamp:4  | Reached skill level 19 in Maces & Flails
 28239 | Swamp:4  | Got a decaying rune of Zot
 28510 | Swamp:4  | Received a gift from Okawaru
 29021 | Spider:1 | Entered Level 1 of the Spider Nest
 31678 | Spider:3 | Reached XP level 19. HP: 104/128 MP: 26/26
 31727 | Spider:3 | Received a gift from Okawaru
 32223 | Spider:3 | Reached skill level 20 in Maces & Flails
 32774 | Spider:4 | Entered Level 4 of the Spider Nest
 33511 | Spider:4 | Received a gift from Okawaru
 33517 | Spider:4 | Noticed Kirke
 33538 | Spider:4 | Killed Kirke
 33693 | Spider:4 | Got a gossamer rune of Zot
 33837 | Spider:4 | Noticed Roxanne
 33853 | Spider:4 | Killed Roxanne
 33858 | Spider:4 | Identified Roxanne's Almanac of Shifting Stones (You took it off Roxanne on level 4 of the Spider Nest)
 35033 | D:13     | Noticed Snorg
 35039 | D:13     | Killed Snorg
 35103 | D:13     | Noticed Josephine
 35113 | D:13     | Killed Josephine
 35147 | D:13     | Noticed Azrael
 35160 | D:13     | Killed Azrael
 35785 | D:14     | Found Ynaaqap's Magic Scroll Shoppe.
 35793 | D:14     | Bought a scroll of acquirement for 572 gold pieces
 35793 | D:14     | Bought a scroll of blinking for 82 gold pieces
 35874 | D:14     | Found a gate to the Vaults.
 36116 | D:15     | Entered Level 15 of the Dungeon
 36132 | D:15     | Reached skill level 21 in Maces & Flails
 36146 | D:15     | Received a gift from Okawaru
 36149 | D:15     | Reached XP level 20. HP: 127/136 MP: 25/27
 36296 | D:15     | Found a staircase to the Depths.
 36783 | D:15     | Found a glowing golden altar of the Shining One.
 37139 | Vaults:1 | Entered Level 1 of the Vaults
 37191 | Vaults:1 | Found Ohilufeb's Assorted Antiques.
 37220 | Vaults:1 | Bought a scroll of teleportation for 126 gold pieces
 37220 | Vaults:1 | Bought a potion of heal wounds for 210 gold pieces
 37547 | Vaults:1 | Found a radiant altar of Vehumet.
 37559 | Vaults:1 | Got a bloodstained hat
 37561 | Vaults:1 | Got a bloodstained hat
 37562 | Vaults:1 | Identified the +0 hat of Foorot {rPois rN+ rCorr Str+4} (You found it on level 1 of the Vaults)
 37563 | Vaults:1 | Identified the cursed +0 hat "Addulocemyl" {Regen+ Str-5 Int+4} (You found it on level 1 of the Vaults)
 38351 | Vaults:1 | Found Kigid's Antique Armour Shoppe.
 38384 | Vaults:1 | Found Muotashreu's Book Boutique.
 38885 | Vaults:2 | Noticed Mennas
 38901 | Vaults:2 | Killed Mennas
 38901 | Vaults:2 | Received a gift from Okawaru
 39276 | Vaults:2 | Noticed Xtahua
 39288 | Vaults:2 | Killed Xtahua
 39288 | Vaults:2 | Reached skill level 22 in Maces & Flails
 39799 | Vaults:2 | Reached XP level 21. HP: 143/143 MP: 25/28
 40289 | Vaults:3 | Found Eden's Armour Boutique.
 40635 | Vaults:3 | Found a staircase to the Crypt.
 40635 | Vaults:3 | Found an ancient bone altar of Kikubaaqudgha.
 40636 | Vaults:3 | Found a basalt altar of Yredelemnul.
 40894 | Vaults:3 | Received a gift from Okawaru
 40998 | Vaults:3 | Got an ancient lead ring
 41010 | Vaults:3 | Identified the ring of Moest {MP+9 Dex+5} (You took it off a vault warden on level 3 of the Vaults)
 41859 | Vaults:3 | Gained mutation: You are frail (-10% HP). [a shining eye]
 42188 | Vaults:4 | Found a flickering gateway to a bazaar.
 42209 | Bazaar   | Entered a bazaar
 42209 | Bazaar   | Found Behim's Magic Scroll Emporium.
 42228 | Bazaar   | Found Mynemnua's Gadget Shop.
 42236 | Bazaar   | Found Foakha's Weapon Emporium.
 42249 | Bazaar   | Found Emizik's Armour Shop.
 42293 | Bazaar   | Bought a scroll of identify for 20 gold pieces
 42293 | Bazaar   | Bought 2 scrolls of identify for 40 gold pieces
 42293 | Bazaar   | Bought a scroll of identify for 20 gold pieces
 42293 | Bazaar   | Bought a scroll of recharging for 95 gold pieces
 42293 | Bazaar   | Bought a scroll of random uselessness for 10 gold pieces
 42293 | Bazaar   | Bought a scroll of recharging for 95 gold pieces
 42293 | Bazaar   | Bought a scroll of teleportation for 30 gold pieces
 42293 | Bazaar   | Bought a scroll of identify for 20 gold pieces
 42293 | Bazaar   | Bought a scroll of recharging for 95 gold pieces
 42293 | Bazaar   | Bought a scroll of summoning for 95 gold pieces
 42293 | Bazaar   | Bought a scroll of identify for 20 gold pieces
 42420 | Vaults:4 | Noticed Boris
 42441 | Vaults:4 | Killed Boris
 43028 | Vaults:4 | Reached skill level 23 in Maces & Flails
 43626 | Vaults:5 | Entered Level 5 of the Vaults
 43643 | Vaults:4 | Reached XP level 22. HP: 115/135 MP: 24/29
 43809 | Vaults:4 | Reached skill level 5 in Dodging
 43815 | Vaults:4 | Received a gift from Okawaru
 43910 | Vaults:5 | Noticed an ancient lich
 44632 | Vaults:5 | Received a gift from Okawaru
 45307 | Vaults:5 | Got a silver rune of Zot
 45484 | Vaults:5 | Noticed a golden dragon
 45507 | Vaults:5 | Killed a golden dragon
 45507 | Vaults:5 | Received a gift from Okawaru
 45789 | Vaults:5 | Reached XP level 23. HP: 130/142 MP: 30/30
 45801 | Vaults:5 | Killed an ancient lich
 45801 | Vaults:5 | Received a gift from Okawaru
 45802 | Vaults:5 | Noticed a golden dragon
 46293 | Vaults:5 | Reached skill level 24 in Maces & Flails
 46341 | Vaults:5 | Received a gift from Okawaru
 46798 | Vaults:5 | Got a glittering wooden ring
 46799 | Vaults:5 | Identified the ring of the Many Suns {+Fly rPois} (You took it off a vault guard on level 5 of the Vaults)
 47395 | Vaults:5 | Killed a golden dragon
 47651 | D:15     | Fell from the grace of Okawaru
 47651 | D:15     | Became a worshipper of the Shining One
 47710 | D:15     | Got a spiked hat {god gift}
 47711 | D:15     | Identified the +0 hat "Kaseu" {rN+++ Int+3 Dex+4 Stlth-} (Okawaru gifted it to you on level 15 of the Dungeon)
 47716 | D:15     | Got a pair of ichor-stained gloves
 47717 | D:15     | Identified the +0 pair of gloves of the Eternal Void {+Blink rF- Dex+4} (You acquired it on level 15 of the Dungeon)
 47888 | Crypt:1  | Entered Level 1 of the Crypt
 47934 | Crypt:1  | Reached skill level 10 in Invocations
 47947 | Crypt:1  | Reached * piety under the Shining One
 48244 | Crypt:1  | Found a magical portal.
 48248 | Crypt:1  | Reached ** piety under the Shining One
 48263 | WizLab   | Entered Zonguldrok's Shrine
 48347 | WizLab   | Reached *** piety under the Shining One
 48431 | WizLab   | Reached **** piety under the Shining One
 48472 | WizLab   | Noticed an antique lich
 48480 | WizLab   | Killed an antique lich
 48676 | Crypt:1  | Reached XP level 24. HP: 111/147 MP: 24/32
 48679 | Crypt:1  | Reached ***** piety under the Shining One
 50052 | Crypt:2  | Reached ****** piety under the Shining One
 50791 | Crypt:3  | Entered Level 3 of the Crypt
 50972 | Crypt:3  | Identified a +9 great mace of holy wrath (a +9 great mace of crushing blessed by the Shining One)
 50972 | Crypt:3  | Received a gift from the Shining One
 51061 | Crypt:3  | Found a staircase to the Tomb.
 51417 | Crypt:3  | Reached skill level 15 in Invocations
 51692 | Crypt:3  | Noticed an ancient lich
 51692 | Crypt:3  | Noticed an ancient lich
 51713 | Crypt:3  | Killed an ancient lich
 51716 | Crypt:3  | Killed an ancient lich
 51747 | Crypt:3  | Got a scintillating emerald amulet
 51747 | Crypt:3  | Got an ancient golden amulet
 51747 | Crypt:3  | Got a faintly glowing steel ring
 51748 | Crypt:3  | Identified the ring of Fixation {rN+ Dex+2 Slay+5} (You found it on level 3 of the Crypt)
 51749 | Crypt:3  | Identified the amulet "Osupnoil" {Ward rPois rF+ rN+ Int-5 Dex+4} (You found it on level 3 of the Crypt)
 51750 | Crypt:3  | Identified the amulet of Maxo {Ward +Inv rC+ rN+ MR++ Dex-4} (You found it on level 3 of the Crypt)
 51752 | Crypt:3  | Got a transparent golden amulet
 51753 | Crypt:3  | Identified the amulet of Camerchi {Faith rPois Int+3 Dex-2 SInv} (You found it on level 3 of the Crypt)
 51852 | Crypt:3  | Found an ancient bone altar of Kikubaaqudgha.
 52568 | Crypt:2  | Reached XP level 25. HP: 153/153 MP: 35/35
 52961 | Elf:1    | Entered Level 1 of the Elven Halls
 53978 | Elf:1    | Found Takhloa's Assorted Antiques.
 53986 | Elf:1    | Bought a scroll of fear for 129 gold pieces
 53986 | Elf:1    | Bought a potion of resistance for 370 gold pieces
 54478 | Elf:1    | Was forgiven by Okawaru
 55443 | Elf:2    | Found a runed gate.
 55443 | Elf:2    | Found a runed gate.
 55448 | Elf:2    | Found a runed gate.
 55546 | Elf:2    | Found Wefevick's General Store.
 55775 | Elf:3    | Entered Level 3 of the Elven Halls
 55818 | Elf:3    | Found Pameivoi's Assorted Antiques.
 55823 | Elf:3    | Bought a potion of heal wounds for 135 gold pieces
 55823 | Elf:3    | Bought a scroll of enchant armour for 202 gold pieces
 56363 | Elf:3    | Got a clouded pewter ring
 57308 | Slime:1  | Entered Level 1 of the Pits of Slime
 58246 | Slime:3  | Gained mutation: You are resistant to hostile enchantments. [a shining eye]
 58790 | Slime:5  | Noticed Dissolution
 58808 | Slime:4  | Killed Dissolution
 59206 | Slime:6  | Entered Level 6 of the Pits of Slime
 59206 | Slime:6  | Noticed Donald
 59212 | Slime:6  | Killed Donald
 59252 | Slime:5  | Reached XP level 26. HP: 64/158 MP: 37/37
 59254 | Slime:5  | Gained mutation: Armour fits poorly on your strangely shaped body. [a shining eye]
 59681 | Slime:6  | Noticed the royal jelly
 59698 | Slime:6  | Killed the royal jelly
 59764 | Slime:6  | Got a slimy rune of Zot
 59825 | Slime:6  | Identified the ring of Heresy {rElec rPois rN++ Str-2 Dex+2} (You took it off a deep elf demonologist on level 3 of the Elven Halls)
 59966 | Lair:7   | Lost mutation: Your muscles are strong. (Str +2) [potion of cure mutation]
 59966 | Lair:7   | Lost mutation: You are frail (-10% HP). [potion of cure mutation]
 59966 | Lair:7   | Lost mutation: Your flesh is heat resistant. [potion of cure mutation]
 59966 | Lair:7   | Lost mutation: Armour fits poorly on your strangely shaped body. [potion of cure mutation]
 59966 | Lair:7   | Lost mutation: You are resistant to hostile enchantments. [potion of cure mutation]
 59968 | Lair:7   | Gained mutation: You are partially covered in rugged brown scales (AC +1, +3% HP). [potion of beneficial mutation]
 60797 | Crypt:1  | Cast into the Abyss (a distortion unwield)
 61321 | Abyss:5  | Entered Level 5 of the Abyss
 61535 | Abyss:5  | Got an abyssal rune of Zot
 61571 | Crypt:1  | Escaped the Abyss
 61895 | Tomb:1   | Entered Level 1 of the Tomb of the Ancients
 62001 | Tomb:1   | Noticed a greater mummy
 62011 | Tomb:1   | Killed a greater mummy
 62200 | Tomb:1   | Noticed a greater mummy
 62211 | Tomb:1   | Killed a greater mummy
 62253 | Tomb:1   | Noticed a greater mummy
 62262 | Tomb:1   | Killed a greater mummy
 62579 | Tomb:2   | Noticed a greater mummy
 62579 | Tomb:2   | Noticed a greater mummy
 62579 | Tomb:2   | Noticed a greater mummy
 62579 | Tomb:2   | Noticed a greater mummy
 62588 | Tomb:2   | Killed a greater mummy
 62588 | Tomb:2   | Killed a greater mummy
 62588 | Tomb:2   | Reached XP level 27. HP: 186/186 MP: 24/39
 62589 | Tomb:2   | Killed a greater mummy
 62591 | Tomb:2   | Killed a greater mummy
 62591 | Tomb:2   | Reached skill level 25 in Invocations
 62901 | Tomb:3   | Entered Level 3 of the Tomb of the Ancients
 62950 | Tomb:3   | Noticed an ancient lich
 63121 | Tomb:3   | Killed an ancient lich
 63121 | Tomb:3   | Reached skill level 26 in Invocations
 63321 | Tomb:3   | Noticed Khufu
 63606 | Tomb:3   | Killed Khufu
 63806 | Tomb:3   | Got a vibrating golden amulet
 63807 | Tomb:3   | Identified the amulet of Cigin {Spirit Int+3 Dex+2} (You found it on level 3 of the Tomb of the Ancients)
 63831 | Tomb:3   | Got a brightly glowing bone amulet
 63832 | Tomb:3   | Identified the amulet "Ezott" {Stasis rPois Str+6 Int+3 Dex-2} (You found it on level 3 of the Tomb of the Ancients)
 63837 | Tomb:3   | Got a bloodstained cloak
 63838 | Tomb:3   | Identified the +1 cloak of the Ditch-Digger {rPois} (You found it on level 3 of the Tomb of the Ancients)
 63908 | Tomb:3   | Got a golden rune of Zot
 64695 | Depths:1 | Entered Level 1 of the Depths
 64806 | Depths:1 | Found a gateway to Hell.
 64842 | Depths:1 | Reached skill level 27 in Invocations
 65665 | Depths:2 | Found a gateway to a ziggurat.
 66261 | Depths:2 | Noticed Asterion
 66271 | Depths:2 | Killed Asterion
 67109 | Depths:3 | Found a one-way gate leading to the halls of Pandemonium.
 67253 | Depths:3 | Found a one-way gate to the infinite horrors of the Abyss.
 67454 | Depths:3 | Noticed a juggernaut
 67473 | Depths:3 | Killed a juggernaut
 68602 | Depths:4 | Gained mutation: You have a pair of small horns on your head. [potion of beneficial mutation]
 69106 | Depths:5 | Entered Level 5 of the Depths
 69111 | Depths:5 | Reached skill level 10 in Dodging
 69244 | Depths:5 | Noticed the Enchantress
 69251 | Depths:5 | Killed the Enchantress
 69252 | Depths:5 | Noticed Jory
 69261 | Depths:5 | Killed Jory
 69581 | Depths:5 | Found a gate to the Realm of Zot.
 69863 | Depths:5 | Found a radiant altar of Vehumet.
 70377 | Zot:1    | Entered Level 1 of the Realm of Zot
 72943 | Zot:3    | Noticed an orb of fire
 72955 | Zot:3    | Killed an orb of fire
 72955 | Zot:3    | Reached skill level 27 in Maces & Flails
 74563 | Pan      | Entered Pandemonium
 74638 | Pan      | Found an exit through the horrors of the Abyss.
 74817 | Pan      | Noticed Puikk the pandemonium lord
 74829 | Pan      | Killed Puikk the pandemonium lord
 74956 | Pan      | Got a demonic rune of Zot
 75289 | Pan      | Found an exit through the horrors of the Abyss.
 75695 | Pan      | Noticed Qoysaj the pandemonium lord
 75700 | Pan      | Killed Qoysaj the pandemonium lord
 75959 | Pan      | Noticed Melafep the pandemonium lord
 75967 | Pan      | Killed Melafep the pandemonium lord
 76316 | Pan      | Found an exit through the horrors of the Abyss.
 76629 | Pan      | Noticed Elluery the pandemonium lord
 76647 | Pan      | Killed Elluery the pandemonium lord
 76893 | Pan      | Found an exit through the horrors of the Abyss.
 77297 | Pan      | Found an exit through the horrors of the Abyss.
 77375 | Pan      | Noticed Qevonolu the pandemonium lord
 77382 | Pan      | Killed Qevonolu the pandemonium lord
 77399 | Pan      | Reached skill level 15 in Dodging
 78260 | Pan      | Noticed Uttaf the pandemonium lord
 78498 | Pan      | Killed Uttaf the pandemonium lord
 78625 | Pan      | Found a gateway to a ziggurat.
 78650 | Zig:1    | Entered Level 1 of a ziggurat
 78670 | Zig:2    | Entered Level 2 of a ziggurat
 78693 | Zig:3    | Entered Level 3 of a ziggurat
 78720 | Zig:4    | Entered Level 4 of a ziggurat
 78750 | Zig:5    | Entered Level 5 of a ziggurat
 78789 | Zig:6    | Entered Level 6 of a ziggurat
 78826 | Zig:6    | Got a slimy golden ring
 78827 | Zig:6    | Identified the ring "Estih" {rPois rF- Dex+11 SInv Stlth+} (You found it on level 6 of a ziggurat)
 78836 | Zig:6    | Got a flickering lead ring
 78837 | Zig:6    | Identified the ring of Ysout {+Blink MR- Int-5 Slay+5 Stlth-} (You found it on level 6 of a ziggurat)
 78975 | Zig:7    | Entered Level 7 of a ziggurat
 78982 | Zig:7    | Noticed an ancient lich
 78985 | Zig:7    | Killed an ancient lich
 79014 | Zig:7    | Got a crude crystal plate armour
 79015 | Zig:7    | Identified the +1 crystal plate armour of Duck's Teeth {*Confuse Dex+10} (You found it on level 7 of a ziggurat)
 79025 | Zig:8    | Entered Level 8 of a ziggurat
 79088 | Zig:8    | Got a serpentine jade ring
 79089 | Zig:8    | Identified the ring "Assi" {*Corrode +Inv rF- Str+3 Slay+5} (You found it on level 8 of a ziggurat)
 79092 | Zig:8    | Got a pair of polished boots
 79093 | Zig:8    | Identified the cursed +0 pair of boots "Nolec" {*Confuse Str+2 Int+10 Slay-2} (You found it on level 8 of a ziggurat)
 79111 | Zig:9    | Entered Level 9 of a ziggurat
 79157 | Zig:9    | Got a flickering golden ring
 79158 | Zig:9    | Identified the cursed ring "Vaser" {rPois rC++ Dex-3} (You found it on level 9 of a ziggurat)
 79442 | Pan      | Found an exit through the horrors of the Abyss.
 79848 | Pan      | Found an exit through the horrors of the Abyss.
 79980 | Pan      | Noticed Ingeisyg the pandemonium lord
 80000 | Pan      | Killed Ingeisyg the pandemonium lord
 80085 | Pan      | Entered the realm of Lom Lobon.
 80156 | Pan      | Noticed Lom Lobon
 80176 | Pan      | Killed Lom Lobon
 80193 | Pan      | Got a magical rune of Zot
 80283 | Pan      | Reached skill level 27 in Armour
 80394 | Pan      | Found an exit through the horrors of the Abyss.
 80846 | Pan      | Found a gateway to a ziggurat.
 80851 | Zig:1    | Entered Level 1 of a ziggurat
 80869 | Zig:2    | Entered Level 2 of a ziggurat
 80987 | Zig:3    | Entered Level 3 of a ziggurat
 81020 | Zig:4    | Entered Level 4 of a ziggurat
 81058 | Zig:5    | Entered Level 5 of a ziggurat
 81101 | Zig:6    | Entered Level 6 of a ziggurat
 81147 | Zig:6    | Gained mutation: Your natural rate of healing is unusually fast. [potion of beneficial mutation]
 81152 | Zig:7    | Entered Level 7 of a ziggurat
 81166 | Zig:7    | Got a twitching steel amulet
 81168 | Zig:8    | Entered Level 8 of a ziggurat
 81175 | Zig:8    | Noticed Yxtycir the pandemonium lord
 81181 | Zig:8    | Killed Yxtycir the pandemonium lord
 81195 | Zig:8    | Identified the amulet of Ahaxouhe {rCorr rN+} (You found it on level 7 of a ziggurat)
 81210 | Zig:9    | Entered Level 9 of a ziggurat
 81258 | Zig:9    | Got a sparkling brass ring
 81261 | Zig:9    | Identified the ring "Agouc" {SustAt rC+} (You found it on level 9 of a ziggurat)
 81395 | Pan      | Noticed Cejin the pandemonium lord
 81404 | Pan      | Killed Cejin the pandemonium lord
 81606 | Pan      | Reached skill level 1 in Evocations
 81732 | Pan      | Found an exit through the horrors of the Abyss.
 81991 | Pan      | Reached skill level 27 in Fighting
 82118 | Pan      | Found an exit through the horrors of the Abyss.
 82369 | Pan      | Noticed Zeatte the pandemonium lord
 82378 | Pan      | Killed Zeatte the pandemonium lord
 82479 | Pan      | Reached skill level 5 in Evocations
 83093 | Pan      | Entered the realm of Cerebov.
 83131 | Pan      | Found an exit through the horrors of the Abyss.
 83786 | Pan      | Noticed Cerebov
 83808 | Pan      | Killed Cerebov
 83984 | Pan      | Got a sparkling glass ring
 83985 | Pan      | Identified the ring of Vecu {+Fly rElec rC- rN+ Dex+3} (You found it in Pandemonium)
 84038 | Pan      | Got a fiery rune of Zot
 84272 | Pan      | Found an exit through the horrors of the Abyss.
 84365 | Pan      | Found a runed door.
 84541 | Pan      | Noticed Lajaz the pandemonium lord
 84546 | Pan      | Killed Lajaz the pandemonium lord
 84684 | Pan      | Reached skill level 10 in Evocations
 84848 | Pan      | Found an exit through the horrors of the Abyss.
 84938 | Pan      | Noticed Sesaaro the pandemonium lord
 84945 | Pan      | Killed Sesaaro the pandemonium lord
 85445 | Pan      | Noticed Corphiuc the pandemonium lord
 85458 | Pan      | Killed Corphiuc the pandemonium lord
 85535 | Pan      | Found an exit through the horrors of the Abyss.
 85925 | Pan      | Found an exit through the horrors of the Abyss.
 86078 | Pan      | Found an exit through the horrors of the Abyss.
 86430 | Pan      | Noticed Ehoca the pandemonium lord
 86437 | Pan      | Killed Ehoca the pandemonium lord
 86704 | Pan      | Entered the realm of Mnoleg.
 86862 | Pan      | Found an exit through the horrors of the Abyss.
 87114 | Pan      | Noticed Mnoleg
 87129 | Pan      | Killed Mnoleg
 87149 | Pan      | Got a glowing rune of Zot
 87423 | Pan      | Found an exit through the horrors of the Abyss.
 87476 | Pan      | Noticed Rowkagu the pandemonium lord
 87489 | Pan      | Killed Rowkagu the pandemonium lord
 87664 | Pan      | Noticed Faniunk the pandemonium lord
 87672 | Pan      | Killed Faniunk the pandemonium lord
 87987 | Pan      | Found an exit through the horrors of the Abyss.
 88920 | Pan      | Found an exit through the horrors of the Abyss.
 89048 | Pan      | Noticed Isacvete the pandemonium lord
 89066 | Pan      | Killed Isacvete the pandemonium lord
 89471 | Pan      | Reached skill level 15 in Evocations
 89576 | Pan      | Noticed Tewes the pandemonium lord
 89585 | Pan      | Killed Tewes the pandemonium lord
 89655 | Pan      | Found an exit through the horrors of the Abyss.
 90198 | Pan      | Found an exit through the horrors of the Abyss.
 90831 | Pan      | Entered the realm of Gloorx Vloq.
 90847 | Pan      | Found an exit through the horrors of the Abyss.
 91013 | Pan      | Noticed Ignacio
 91023 | Pan      | Killed Ignacio
 91136 | Pan      | Noticed Gloorx Vloq
 91159 | Pan      | Killed Gloorx Vloq
 91162 | Pan      | Got a dark rune of Zot
 91346 | Pan      | Took an exit into the Abyss.
 91346 | Abyss:1  | Escaped into the Abyss
 91379 | Depths:5 | Escaped the Abyss
 91408 | Hell     | Entered the Vestibule of Hell
 91408 | Hell     | Noticed Geryon
 91412 | Hell     | Noticed Murray
 91417 | Hell     | Killed Geryon
 91451 | Hell     | Killed Murray
 91494 | Hell     | Found a gateway to the decaying netherworld of Tartarus.
 91503 | Tar:1    | Entered Level 1 of Tartarus
 92497 | Tar:7    | Entered Level 7 of Tartarus
 92856 | Tar:7    | Noticed Ereshkigal
 92869 | Tar:7    | Killed Ereshkigal
 92897 | Tar:7    | Got a scintillating steel ring
 92898 | Tar:7    | Identified the ring of Day {SustAt Dex+2} (You found it on level 7 of Tartarus)
 92905 | Tar:7    | Got a bone rune of Zot
 92913 | Tar:7    | Got a bound bronze ring
 92914 | Tar:7    | Identified the ring "Ginehuwku" {Str+4 Int+2} (You found it on level 7 of Tartarus)
 93053 | Hell     | Found a gateway to the ashen valley of Gehenna.
 93073 | Geh:1    | Entered Level 1 of Gehenna
 93764 | Geh:7    | Entered Level 7 of Gehenna
 93951 | Geh:7    | Got a sparkling turquoise ring
 94421 | Geh:7    | Noticed Asmodeus
 94430 | Geh:7    | Gained mutation: Armour fits poorly on your strangely shaped body. [mutagenic glow]
 94437 | Geh:7    | Killed Asmodeus
 94450 | Geh:7    | Got an obsidian rune of Zot
 94549 | Hell     | Found a gateway to the Iron City of Dis.
 94558 | Dis:1    | Entered Level 1 of the Iron City of Dis
 95109 | Dis:7    | Entered Level 7 of the Iron City of Dis
 95457 | Dis:7    | Noticed the Serpent of Hell
 95466 | Dis:7    | Killed from afar by the Serpent of Hell

Action                   |  1- 3 |  4- 6 |  7- 9 | 10-12 | 13-15 | 16-18 | 19-21 | 22-24 | 25-27 || total
-------------------------+-------+-------+-------+-------+-------+-------+-------+-------+-------++-------
Melee: Flail             |   159 |   161 |   369 |   284 |       |       |       |       |       ||   973
       Dire flail        |       |       |       |   835 |       |       |       |       |       ||   835
       Great mace        |       |       |       |    14 |   948 |  1272 |  1778 |  1618 |  6353 || 11983
Invok: Heroism           |       |       |     3 |     2 |     3 |    14 |    11 |    10 |       ||    43
       Finesse           |       |       |       |       |     1 |     2 |     1 |     1 |       ||     5
       Cleansing Flame   |       |       |       |       |       |       |       |     3 |   281 ||   284
       Divine Shield     |       |       |       |       |       |       |       |     1 |     9 ||    10
       Brand Weapon With |       |       |       |       |       |       |       |     1 |       ||     1
       Summon Divine War |       |       |       |       |       |       |       |       |    14 ||    14
 Abil: Fly               |       |       |       |       |       |     3 |       |     1 |     9 ||    13
       Stop Flying       |       |       |       |       |       |       |     1 |     1 |     9 ||    11
Evoke: Wand              |       |       |       |     2 |     2 |       |       |     8 |    24 ||    36
       Deck              |       |       |       |       |       |       |       |       |     2 ||     2
  Use: Potion            |     1 |       |     7 |     7 |     2 |     3 |     2 |    12 |    32 ||    66
       Scroll            |       |     4 |     2 |    20 |    15 |     5 |    11 |    21 |    85 ||   163
 Stab: Invisible         |       |       |     2 |     8 |       |     7 |       |     1 |       ||    18
       Distracted        |       |       |       |     1 |       |       |       |       |       ||     1
  Eat: Chunk             |     1 |     5 |     9 |    29 |    19 |    22 |    24 |       |    25 ||   134
       Fruit             |       |       |       |     1 |     1 |       |       |       |       ||     2
       Royal jelly       |       |       |       |     1 |       |     1 |       |     1 |       ||     3
       Pizza             |       |       |       |       |     3 |       |       |     2 |     2 ||     7
       Bread ration      |       |       |       |       |     1 |     1 |       |       |    22 ||    24
       Meat ration       |       |       |       |       |       |     1 |     5 |     5 |    23 ||    34
